 Dungeon Crawl Stone Soup version 0.29.1-12-g30fa7ad0bf (webtiles) character file.

Game seed: 2333458289335276460

303 IcyTea the Carver (level 6, 0/68 HPs)
             Began as a Draconian Chaos Knight on Dec 18, 2022.
             Was a Plaything of Xom.
             Slain by an iron imp (8 damage)
             ... summoned by Xom
             ... in a sewer.
             The game lasted 00:11:07 (2794 turns).

IcyTea the Carver (Draconian Chaos Knight)          Turns: 2794, Time: 00:11:09

Health: 0/68       AC: 14    Str: 14 (15) XL:     6   Next: 15%
Magic:  6/6        EV: 11    Int:  9 (12) God:    Xom [*.....]
Gold:   94         SH:  3    Dex:  7 (12) Spells: 4/5 levels left

rFire   + . .      SeeInvis .   a - +1 falchion (chaos)
rCold   + . .      Faith    .   l - +0 buckler
rNeg    . . .      Spirit   .   (body armour unavailable)
rPois   .          Reflect  .   (helmet restricted)
rElec   .          Harm     .   k - scarf {rC+ rF+}
rCorr   .          Rampage  .   (no gloves)
Will    .....                   (no boots)
Stlth   +.........              (no amulet)
HPRegen 0.21/turn               c - +4 ring of protection
MPRegen 0.10/turn               d - +4 ring of protection

@: spiked
A: AC +6, unfitting armour, cold-blooded, deterioration 1, robust 1
a: Renounce Religion


You were in a sewer.
You worshipped Xom.
You were a special plaything of Xom.
You visited 1 branch of the dungeon, and saw 3 of its levels.
You also visited: Sewer.

You collected 94 gold pieces.

Inventory:

Hand Weapons
 a - a +1 falchion of chaos (weapon)
 j - a +1 vampiric dagger
Missiles
 e - 2 poisoned darts
Armour
 k - a scarf of resistance (worn)
 l - a +0 buckler (worn)
Jewellery
 c - a +4 ring of protection (left hand)
 d - a +4 ring of protection (right hand)
Scrolls
 i - a scroll of enchant armour
 n - a scroll of blinking {unknown}
Potions
 f - a potion of mutation
 g - a potion of attraction {unknown}
Miscellaneous
 b - a piece from Xom's chessboard (5/15) (quivered)


   Skills:
 - Level 8.8 Fighting
 - Level 9.0 Long Blades
 - Level 2.1 Dodging
 + Level 2.3 Shields


You had 4 spell levels left.
You knew the following spells:

 Your Spells              Type           Power      Damage    Failure   Level
a - Shock                 Conj/Air       0%         1d3       47%         1

Your spell library contained the following spells:

 Spells                   Type           Power      Damage    Failure   Level
 Swiftness                Air            0%         N/A       85%         3
 Airstrike                Air            0%         2d(0-16)  99%         4


Dungeon Overview and Level Annotations

Branches:
Dungeon (3/15)              Sewer (1/1)

Altars:


Innate Abilities, Weirdness & Mutations

Your plain brown scales are hard. (AC +6)
You cannot fit into any form of body armour.
You are cold-blooded and may be slowed by cold attacks.
Your body sometimes deteriorates upon taking damage.
You are robust. (+10% HP)


Message History

Okay, then.
You miss the red devil. The ufetubus completely misses you.
The ufetubus hits you but does no damage.
The red devil closely misses you.
The orange demon splashes around in the water.
The ufetubus misses you. The ufetubus barely misses you.
You miss the red devil.
The ufetubus hits you but does no damage.
You block the ufetubus's attack. The red devil barely misses you.
The orange demon stings you from afar.
Your body deteriorates!
You feel clumsy.
You closely miss the red devil.
You tail-slap the red devil, but do no damage.
You block the ufetubus's attack.
The ufetubus splashes around in the water.
The iron imp barely misses you. You block the red devil's attack.
The ufetubus splashes around in the water.
You block the ufetubus's attack. The orange demon stings you from afar.
You hit the red devil.
The red devil is lightly wounded.
The ufetubus hits you but does no damage. x2
The iron imp barely misses you.
Unknown command.
You hit the red devil but do no damage.
You tail-slap the red devil, but do no damage.
The red devil is lightly wounded.
The orange demon splashes around in the water.
The red devil hits you with a +3 demon trident of venom!!
* * * LOW HITPOINT WARNING * * *
Your body deteriorates!
You feel clumsy.
Barbed spikes become lodged in your body.
The ufetubus splashes around in the water. x2
It was a potion of mutation.
You feel extremely strange.
You feel a little healthier.
You feel robust. x2; You feel clumsy.
You feel robust.
You feel agile. The ufetubus closely misses you. The ufetubus hits you.
* * * LOW HITPOINT WARNING * * *
The iron imp hits you!
You die... "It was about time."

#.~.~## ##..~.# ######
#~.~~~#####.~~~.# #####~~~~.
##..~..~~~~†~~.########..~..####
###.~~.~~~~~####..~..~.###~~~~. ~
##~.~~~.~## #.~~~~~~~# ###### ~.
##~.~~...####.~.~..~~###~~~~.
.~.##~~.~~....##.~†.####~~~~.####
....~..~.~~..~~~54~## #####~~~~.
#~~.~~.~..~~.~.5@~## ######
#.~~~~.~.......~)~#
#~~~~~~.∩.∩~.~~~4~#
#~~.~~~....~~.~.~~#
#~...~~.~..~.~~.~~## ######
~~~.~~...~~~~~~.~~~## #####~~~~.
...##.~..~...~##.~~~####.~~~†####
~.# ##~.~.~..####...~..~~###.~~~.
~. #~.~...~# #~~.~~~.~# ######


You could see an orange demon (summoned), a red devil (summoned), an iron imp
(summoned) and an ufetubus (summoned).

Vanquished Creatures
  A kobold brigand (Sewer)
  10 adders
  A river rat (Sewer)
  4 worms
  3 bats
  7 endoplasms
  5 giant cockroaches
  7 goblins
  5 hobgoblins
  2 jackals (D:1)
  7 quokkas
  6 ball pythons
  2 frilled lizards
  9 kobolds
  5 rats
74 creatures vanquished.

Vanquished Creatures (collateral kills)
  2 kobolds (D:1)
2 creatures vanquished.

Grand Total: 76 creatures vanquished

Notes
Turn   | Place    | Note
-------+----------+-------------------------------------------
     0 | D:1      | IcyTea the Draconian Chaos Knight began the quest for the
                  | Orb.
     0 | D:1      | Reached XP level 1. HP: 19/19 MP: 1/1
    66 | D:1      | XOM: potion effect (invisibility)
    95 | D:1      | Found a faded altar of an unknown god.
   131 | D:1      | Reached XP level 2. HP: 26/26 MP: 2/2
   379 | D:1      | Reached skill level 4 in Long Blades
   568 | D:1      | Learned a level 1 spell: Shock
   792 | D:2      | Reached XP level 3. HP: 29/31 MP: 3/3
   812 | D:2      | XOM: silly message
   864 | D:2      | Reached skill level 8 in Long Blades
   864 | D:2      | Reached XP level 4. HP: 9/49 MP: 4/4
   926 | D:2      | XOM: divination: detect creatures
  1302 | D:2      | XOM: divination: detect creatures
  2124 | D:3      | Reached XP level 5. HP: 49/56 MP: 5/5
  2214 | D:3      | Found a glowing drain.
  2236 | Sewer    | Entered a sewer
  2354 | Sewer    | XOM: give mutations
  2354 | Sewer    | Gained mutation: You are frail. (-10% HP) [Xom's mischief]
  2354 | Sewer    | Gained mutation: You are very frail. (-20% HP) [Xom's
                  | mischief]
  2354 | Sewer    | Gained mutation: Your body sometimes deteriorates upon
                  | taking damage. [Xom's mischief]
  2354 | Sewer    | Gained mutation: Your body often deteriorates upon taking
                  | damage. [Xom's mischief]
  2375 | Sewer    | Reached skill level 9 in Long Blades
  2432 | Sewer    | Reached skill level 1 in Shields
  2617 | Sewer    | XOM: 2-stop teleportation journey
  2715 | Sewer    | Reached XP level 6. HP: 33/49 MP: 6/6
  2787 | Sewer    | XOM: summons 4 hostile demons
  2788 | Sewer    | Noticed an orange demon
  2788 | Sewer    | Noticed a red devil
  2794 | Sewer    | Lost mutation: Your body often deteriorates upon taking
                  | damage. [potion of mutation]
  2794 | Sewer    | Lost mutation: You are very frail. (-20% HP) [potion of
                  | mutation]
  2794 | Sewer    | Lost mutation: You are frail. (-10% HP) [potion of
                  | mutation]
  2794 | Sewer    | Gained mutation: You are clumsy. (Dex -2) [potion of
                  | mutation]
  2794 | Sewer    | Gained mutation: You are robust. (+10% HP) [potion of
                  | mutation]
  2794 | Sewer    | Lost mutation: You are clumsy. (Dex -2) [potion of
                  | mutation]
  2794 | Sewer    | Slain by an iron imp

Illustrated notes

Levels and vault maps discovered:
D:1:      denvon_arrival_hothouse, layout_basic, ebering_ecumenical_altar_mist,
          minmay_tiny_reverse_x
D:2:      kennysheep_big_flooded_room, layout_basic,
          nicolae_concentric_dashed_squares_wild, kennysheep_another_room
D:3:      layout_loops_corners, lemuel_doored_altar,
          lemuel_coloured_pillars_altar, gup_sewer_entry_pipe
Sewer:    sewer_co_tree

Skill      XL: |  1  2  3  4  5 |
---------------+----------------+-----
Long Blades    | 4 8 9 |  9.0
Fighting       | 8 |  8.8
Shields        | 2 |  2.3
Dodging        | |  2.1

Action                   |  1- 3 |  4- 6 || total
-------------------------+-------+-------++-------
Melee: Falchion          |    83 |   188 ||   271
       Tailslap          |    10 |    19 ||    29
       Punch             |     1 |       ||     1
Evoke: Piece from Xom's  |     2 |    15 ||    17
  Use: Potion            |     2 |     2 ||     4
       Scroll            |       |     4 ||     4
 Stab: Invisible         |     1 |     1 ||     2
Armor: Skin              |    35 |    91 ||   126
Dodge: Dodged            |    50 |   106 ||   156
Block: Buckler           |       |    13 ||    13
